VEGAS vs NEW JERSEY

Created - May 27, 2021 at 11:21

Goals
1 2 3 T
VEGAS 1 0 1 2
NEW JERSEY 0 3 1 4
Shots
1 2 3 T
VEGAS 15 12 11 38
NEW JERSEY 4 22 12 38

1st period

1. VEGAS , Jonathan Marchessault 21 (Braydon Coburn 5, Slater Koekkoek 13) at 3:11

Penalties :
Samuel Girard (NJ ) for Holding (Minor) at 7:59, Jeff Petry (NJ ) for Hooking (Minor) at 11:55, Mikael Granlund (NJ ) for Roughing (Minor) at 14:10, Cody Glass (VGK) for High sticking (Minor) at 14:10, Jayce Hawryluk (VGK) for Tripping (Minor) at 16:50

2nd period

2. NEW JERSEY , Jake Guentzel 32 (Samuel Girard 38, Jeff Petry 38) at 3:07 (PP)
3. NEW JERSEY , Alex DeBrincat 10 (Mikael Granlund 9, Jack Johnson 25) at 3:23
4. NEW JERSEY , Evander Kane 24 (Sean Couturier 35, Jake Guentzel 40) at 18:45

Penalties :
Jake Muzzin (VGK) for Hooking (Minor) at 2:41, Jeff Petry (NJ ) for Goalie Interference (Minor) at 4:52, Jake Muzzin (VGK) for Holding (Minor) at 9:10

3rd period

5. VEGAS , Slater Koekkoek 3 (Jayce Hawryluk 10, Colin Wilson 16) at 11:40
6. NEW JERSEY , Jeff Petry 26 (Alex DeBrincat 19, Anthony Duclair 8) at 19:48 (PP)

Penalties :
Jeff Petry (NJ ) for Tripping (Minor) at 0:05, Mikael Granlund (NJ ) for High sticking (Minor) at 5:47, Oliver Bjorkstrand (VGK) for Tripping (Minor) at 8:57, Jonathan Marchessault (VGK) for High sticking (Minor) at 18:22

Goalie Stats

Tristan Jarry (VGK), 34 saves from 38 shots - (0.895), L, 5-3-0, 60:00 minutes
Matt Murray (NJ ), 36 saves from 38 shots - (0.947), W, 37-22-3, 60:00 minutes

Players Stats for VEGAS

Player Name              G  A  P  +/- PIM S  H  SB GA TA FO     MP     PP MP  PK MP  
------------------------------------------------------------------------------------
Braydon Coburn           0  1  1   2  0   0  0  0  0  0  0/0    13:41   0:10   0:00 
Cody Glass               0  0  0  -1  2   2  1  0  0  0  6/11   11:46   0:10   0:00 
Colin Wilson             0  1  1   1  0   2  0  0  0  0  0/0     5:31   0:00   0:00 
Devon Toews              0  0  0   0  0   1  0  3  0  0  0/0    21:54   4:57   3:27 
Jake Muzzin              0  0  0  -2  4   3  3  3  0  0  0/0    23:01   4:48   2:50 
Jayce Hawryluk           0  1  1   1  2   3  0  0  0  0  4/11    5:58   0:10   0:20 
Jonathan Marchessault    1  0  1   0  2   2  0  0  0  0  12/26  17:37   4:57   2:07 
Josh Anderson            0  0  0   0  0   2  2  0  0  0  0/4    20:05   4:57   5:08 
Matt Luff                0  0  0   1  0   0  1  0  0  0  0/0     5:29   0:00   0:00 
Max Comtois              0  0  0  -1  0   2  0  0  0  0  1/3    13:00   0:10   1:01 
Morgan Frost             0  0  0  -1  0   1  0  0  0  0  1/1    11:37   0:00   0:00 
Nikita Zadorov           0  0  0   0  0   0  3  1  0  0  0/0    21:44   4:57   3:27 
Noah Hanifin             0  0  0  -2  0   6  1  4  0  0  0/0    24:35   4:48   4:22 
Oliver Bjorkstrand       0  0  0   0  2   3  1  0  0  0  0/2    20:45   4:48   2:03 
Ondrej Kase              0  0  0   0  0   3  0  0  0  0  1/2    14:57   4:57   0:00 
Sam Reinhart             0  0  0   0  0   3  1  0  0  0  15/38  24:11   4:48   4:59 
Slater Koekkoek          1  1  2   2  0   1  0  3  0  0  0/0    15:03   0:10   1:32 
Vladimir Tarasenko       0  0  0   0  0   4  1  0  0  0  0/1    19:12   4:48   0:00 

Players Stats for NEW JERSEY

Player Name              G  A  P  +/- PIM S  H  SB GA TA FO     MP     PP MP  PK MP  
------------------------------------------------------------------------------------
Alex DeBrincat           1  1  2   1  0   3  3  1  0  0  2/3    16:50   3:28   0:00 
Andrew Copp              0  0  0  -2  0   0  0  0  0  0  8/17   15:02   0:00   4:04 
Anthony Duclair          0  1  1   1  0   3  2  0  0  0  2/3    16:37   3:28   0:40 
Brad Hunt                0  0  0  -1  0   0  0  2  0  0  0/0    14:03   0:00   2:47 
Danton Heinen            0  0  0   0  0   0  0  0  0  0  0/0     4:57   0:00   0:00 
Derek Stepan             0  0  0  -2  0   3  2  0  0  0  1/2    16:40   0:00   6:00 
Dmitry Orlov             0  0  0   1  0   1  1  3  0  0  0/0    22:39   3:27   4:20 
Dougie Hamilton          0  0  0   0  0   1  3  2  0  0  0/0    24:21   3:55   5:43 
Dylan Strome             0  0  0  -2  0   2  0  0  0  0  1/2    10:40   0:00   0:00 
Evander Kane             1  0  1   1  0   5  2  0  0  0  0/3    20:35   4:21   3:15 
Jack Johnson             0  1  1   1  0   2  2  0  0  0  0/0    20:05   0:28   4:14 
Jake Guentzel            1  1  2   1  0   6  0  0  0  0  0/1    17:25   4:21   0:00 
Jeff Petry               1  1  2   0  6   3  3  2  0  0  0/0    22:37   3:54   2:12 
Mikael Granlund          0  1  1   1  4   1  3  1  0  0  13/19  16:05   3:28   0:10 
Samuel Girard            0  1  1  -1  2   1  0  1  0  0  0/0    16:01   3:54   0:24 
Sean Couturier           0  1  1   1  0   4  0  0  0  0  30/42  23:29   4:21   5:51 
Victor Rask              0  0  0   0  0   2  0  0  0  0  2/6     4:57   0:00   0:00 
Zach Aston-Reese         0  0  0   0  0   1  2  0  0  0  0/1     4:57   0:00   0:00 

3 Stars

1 - Alex DeBrincat (NJ )
2 - Jake Guentzel (NJ )
3 - Slater Koekkoek (VGK)

Power Play

VEGAS - 0 on 5 Attempt(s) - 0.00%
NEW JERSEY - 2 on 5 Attempt(s) - 40.00%

Penalty Kill

VEGAS - 3 on 5 Attempt(s) - 60.00% - Score 0 goal in Penalty Kill
NEW JERSEY - 5 on 5 Attempt(s) - 100.00% - Score 0 goal in Penalty Kill

Team Stat

VEGAS - Hits : 14 - Faceoff Wins : 40 - Blocked Shots : 14 - Penalty Minutes : 12
NEW JERSEY - Hits : 23 - Faceoff Wins : 59 - Blocked Shots : 12 - Penalty Minutes : 12

Official

Referees : Furman South and Camerson Stephens
Linesman : Corey Scott and Shaun Morgan

Game Notes

No Game Note

Finance

Level 1 -- Attendance: 3974 (66.23%) -- Ticket Income $397,400
Level 2 -- Attendance: 4105 (82.10%) -- Ticket Income $246,300
Level 3 -- Attendance: 1422 (71.10%) -- Ticket Income $56,880
Level 4 -- Attendance: 3571 (89.28%) -- Ticket Income $71,420
Luxury Box -- Attendance: 997 (99.70%) -- Ticket Income $179,460
Game was played at the Binghamton Devils.
Total Attendance: 14069 (78.16%)
Total Ticket Income: $951,460
Total Income: $951,460

VEGAS

5 vs 5 Forward 
   Center                   Left Wing                Right Wing               Time % Phy DF OF 
 1 Sam Reinhart             Oliver Bjorkstrand       Vladimir Tarasenko       35     1   2  2  
 2 Jonathan Marchessault    Ondrej Kase              Josh Anderson            30     1   2  2  
 3 Cody Glass               Max Comtois              Morgan Frost             25     1   2  2  
 4 Jayce Hawryluk           Colin Wilson             Matt Luff                10     1   2  2  

5 vs 5 Defense 
   Defense                  Defense                                           Time % Phy DF OF 
 1 Jake Muzzin              Noah Hanifin                                      35     1   2  2  
 2 Nikita Zadorov           Devon Toews                                       30     1   2  2  
 3 Braydon Coburn           Slater Koekkoek                                   25     1   2  2  
 4 Jake Muzzin              Noah Hanifin                                      10     1   2  2  

PowerPlay Forward 
   Center                   Left Wing                Right Wing               Time % Phy DF OF 
 1 Sam Reinhart             Oliver Bjorkstrand       Vladimir Tarasenko       60     1   2  2  
 2 Jonathan Marchessault    Josh Anderson            Ondrej Kase              40     1   2  2  

PowerPlay Defense
   Defense                  Defense                                           Time % Phy DF OF 
 1 Jake Muzzin              Noah Hanifin                                      60     1   2  2  
 2 Nikita Zadorov           Devon Toews                                       40     1   2  2  

Penalty Kill 4 Players Forward 
   Center                   Wing                     Time % Phy DF OF 
 1 Sam Reinhart             Josh Anderson            60     1   2  2  
 2 Jonathan Marchessault    Oliver Bjorkstrand       40     1   2  2  

Penalty Kill 4 Players Defense
   Defense                  Defense                  Time % Phy DF OF 
 1 Jake Muzzin              Noah Hanifin             60     1   2  2  
 2 Nikita Zadorov           Devon Toews              40     1   2  2  

Penalty Kill - 3 Players Forward 
   Forward                                           Time % Phy DF OF 
 1 Jonathan Marchessault                             60     1   2  2  
 2 Sam Reinhart                                      40     1   2  2  

Penalty Kill - 3 Players Defense
   Defense                  Defense                  Time % Phy DF OF 
 1 Jake Muzzin              Noah Hanifin             60     1   2  2  
 2 Nikita Zadorov           Devon Toews              40     1   2  2  

4 vs 4 Forward 
   Center                   Wing                     Time % Phy DF OF 
 1 Vladimir Tarasenko       Sam Reinhart             60     1   2  2  
 2 Jonathan Marchessault    Oliver Bjorkstrand       40     1   2  2  

4 vs 4 Defense
   Defense                  Defense                  Time % Phy DF OF 
 1 Jake Muzzin              Noah Hanifin             60     1   2  2  
 2 Nikita Zadorov           Devon Toews              40     1   2  2  

Last Minutes Offensive
   Center                   Left Wing                Right Wing               Defense                  Defense                  
   Sam Reinhart             Oliver Bjorkstrand       Vladimir Tarasenko       Jake Muzzin              Noah Hanifin             

Last Minutes Defensive
   Center                   Left Wing                Right Wing               Defense                  Defense                  
   Jonathan Marchessault    Oliver Bjorkstrand       Josh Anderson            Jake Muzzin              Noah Hanifin             

Goaltenders
Starting : Tristan Jarry            
Backup : Braden Holtby            

Extra Forwards
Normal : Max Comtois, Cody Glass, Colin Wilson - PP : Cody Glass, Max Comtois - PK : Max Comtois
Extra Defensemen
Normal : Braydon Coburn, Slater Koekkoek, Nikita Zadorov - PP : Braydon Coburn - PK : Slater Koekkoek, Nikita Zadorov
Penalty Shots
Vladimir Tarasenko, Sam Reinhart, Jonathan Marchessault, Oliver Bjorkstrand, Josh Anderson

Scratches
VGK Cap Hit (Suspend)

NEW JERSEY

5 vs 5 Forward 
   Center                   Left Wing                Right Wing               Time % Phy DF OF 
 1 Sean Couturier           Evander Kane             Jake Guentzel            36     1   2  2  
 2 Mikael Granlund          Anthony Duclair          Alex DeBrincat           29     1   2  2  
 3 Andrew Copp              Dylan Strome             Derek Stepan             24     1   2  2  
 4 Victor Rask              Danton Heinen            Zach Aston-Reese         11     1   2  2  

5 vs 5 Defense 
   Defense                  Defense                                           Time % Phy DF OF 
 1 Jeff Petry               Dougie Hamilton                                   38     1   2  2  
 2 Dmitry Orlov             Jack Johnson                                      31     1   2  2  
 3 Samuel Girard            Brad Hunt                                         26     1   2  2  
 4 Jeff Petry               Dougie Hamilton                                   5      1   2  2  

PowerPlay Forward 
   Center                   Left Wing                Right Wing               Time % Phy DF OF 
 1 Sean Couturier           Evander Kane             Jake Guentzel            60     1   2  2  
 2 Mikael Granlund          Alex DeBrincat           Anthony Duclair          40     1   2  2  

PowerPlay Defense
   Defense                  Defense                                           Time % Phy DF OF 
 1 Samuel Girard            Jeff Petry                                        60     1   2  2  
 2 Dmitry Orlov             Dougie Hamilton                                   40     1   2  2  

Penalty Kill 4 Players Forward 
   Center                   Wing                     Time % Phy DF OF 
 1 Sean Couturier           Derek Stepan             60     1   2  2  
 2 Andrew Copp              Evander Kane             40     1   2  2  

Penalty Kill 4 Players Defense
   Defense                  Defense                  Time % Phy DF OF 
 1 Jeff Petry               Dougie Hamilton          60     1   2  2  
 2 Dmitry Orlov             Jack Johnson             40     1   2  2  

Penalty Kill - 3 Players Forward 
   Forward                                           Time % Phy DF OF 
 1 Sean Couturier                                    60     1   2  2  
 2 Andrew Copp                                       40     1   2  2  

Penalty Kill - 3 Players Defense
   Defense                  Defense                  Time % Phy DF OF 
 1 Jeff Petry               Dougie Hamilton          60     1   2  2  
 2 Dmitry Orlov             Jack Johnson             40     1   2  2  

4 vs 4 Forward 
   Center                   Wing                     Time % Phy DF OF 
 1 Sean Couturier           Evander Kane             60     1   2  2  
 2 Jake Guentzel            Alex DeBrincat           40     1   2  2  

4 vs 4 Defense
   Defense                  Defense                  Time % Phy DF OF 
 1 Samuel Girard            Jeff Petry               60     1   2  2  
 2 Dmitry Orlov             Dougie Hamilton          40     1   2  2  

Last Minutes Offensive
   Center                   Left Wing                Right Wing               Defense                  Defense                  
   Sean Couturier           Evander Kane             Jake Guentzel            Jeff Petry               Dougie Hamilton          

Last Minutes Defensive
   Center                   Left Wing                Right Wing               Defense                  Defense                  
   Sean Couturier           Evander Kane             Jake Guentzel            Jeff Petry               Dougie Hamilton          

Goaltenders
Starting : Matt Murray              
Backup : Cal Petersen             

Extra Forwards
Normal : Andrew Copp, Victor Rask, Mikael Granlund - PP : Andrew Copp, Victor Rask - PK : Mikael Granlund
Extra Defensemen
Normal : Samuel Girard, Brad Hunt, Dmitry Orlov - PP : Samuel Girard - PK : Brad Hunt, Dmitry Orlov
Penalty Shots
Sean Couturier, Evander Kane, Jake Guentzel, Alex DeBrincat, Derek Stepan

Scratches
Jonathan Bernier (Healthy)

% Time on Ice - VEGAS

Lines # - Real PCT - Wanted PCT - Time Play
Normal Forward
1 - 33% - 35% - 13:11
2 - 25% - 30% - 10:00
3 - 29% - 25% - 11:37
4 - 14% - 10% - 5:29
Normal Defense
1 - 33% - 35% - 13:09
2 - 32% - 30% - 12:44
3 - 33% - 25% - 13:21
4 - 3% - 10% - 1:03
PP Forward
1 - 50% - 60% - 4:58
2 - 50% - 40% - 4:57
PP Defense
1 - 50% - 60% - 4:58
2 - 50% - 40% - 4:57
PK Forward
1 - 66% - 60% - 5:08
2 - 34% - 40% - 2:41
PK Defense
1 - 56% - 60% - 4:22
2 - 44% - 40% - 3:27
PK3 Forward
1 - 0% - 60%
2 - 0% - 40%
PK3 Defense
1 - 0% - 60%
2 - 0% - 40%
44 Forward
1 - 63% - 60% - 1:15
2 - 37% - 40% - 0:44
44 Defense
1 - 61% - 60% - 1:13
2 - 39% - 40% - 0:46
Last Minute Offensive  - 0:00
Last Minute Defensive  - 0:00
Total
Forward - 60:00
Defense - 60:00

% Time on Ice - NEW JERSEY

Lines # - Real PCT - Wanted PCT - Time Play
Normal Forward
1 - 30% - 36% - 12:11
2 - 31% - 29% - 12:29
3 - 26% - 24% - 10:40
4 - 12% - 11% - 4:57
Normal Defense
1 - 38% - 38% - 15:28
2 - 34% - 31% - 13:33
3 - 28% - 26% - 11:16
4 - 0% - 5% - 0:00
PP Forward
1 - 56% - 60% - 4:21
2 - 44% - 40% - 3:28
PP Defense
1 - 50% - 60% - 3:54
2 - 50% - 40% - 3:55
PK Forward
1 - 67% - 60% - 6:40
2 - 33% - 40% - 3:15
PK Defense
1 - 66% - 60% - 6:31
2 - 34% - 40% - 3:24
PK3 Forward
1 - 0% - 60%
2 - 0% - 40%
PK3 Defense
1 - 0% - 60%
2 - 0% - 40%
44 Forward
1 - 55% - 60% - 1:06
2 - 45% - 40% - 0:53
44 Defense
1 - 55% - 60% - 1:06
2 - 45% - 40% - 0:53
Last Minute Offensive  - 0:00
Last Minute Defensive  - 0:00
Total
Forward - 60:00
Defense - 60:00

Play-by-Play

1st period


0:01 of 1st period - Sam Reinhart wins face-off versus Sean Couturier in neutral zone.
0:08 of 1st period - Shot by Vladimir Tarasenko.
0:08 of 1st period - Deflect By Sam Reinhart.
0:08 of 1st period - Stopped by Matt Murray without a rebound.
0:09 of 1st period - Jonathan Marchessault wins face-off versus Anthony Duclair in NEW JERSEY zone.
0:25 of 1st period - Icing by Nikita Zadorov.
0:26 of 1st period - Derek Stepan wins face-off versus Jonathan Marchessault in VEGAS zone.
0:29 of 1st period - Shot by Dylan Strome.
0:29 of 1st period - Deflect By Derek Stepan.
0:29 of 1st period - Stopped by Tristan Jarry without a rebound.
0:30 of 1st period - Cody Glass wins face-off versus Victor Rask in VEGAS zone.
0:39 of 1st period - Shot by Morgan Frost.
0:39 of 1st period - Shot Misses the Net.
0:52 of 1st period - Shot by Cody Glass.
0:52 of 1st period - Stopped by Matt Murray without a rebound.
0:53 of 1st period - Sean Couturier wins face-off versus Sam Reinhart in NEW JERSEY zone.
0:55 of 1st period - Icing by Evander Kane.
0:56 of 1st period - Sam Reinhart wins face-off versus Sean Couturier in NEW JERSEY zone.
0:57 of 1st period - Shot by Vladimir Tarasenko.
0:57 of 1st period - Stopped by Matt Murray without a rebound.
0:58 of 1st period - Sam Reinhart wins face-off versus Andrew Copp in NEW JERSEY zone.
0:59 of 1st period - Shot by Vladimir Tarasenko.
0:59 of 1st period - Shot Misses the Net.
1:01 of 1st period - Shot by Jake Muzzin.
1:01 of 1st period - Shot Blocked by Dougie Hamilton.
1:07 of 1st period - Shot by Oliver Bjorkstrand.
1:07 of 1st period - Stopped by Matt Murray without a rebound.
1:08 of 1st period - Sean Couturier wins face-off versus Jayce Hawryluk in NEW JERSEY zone.
1:13 of 1st period - Shot by Jake Guentzel.
1:13 of 1st period - Shot Misses the Net.
1:15 of 1st period - Shot by Dmitry Orlov.
1:15 of 1st period - Shot Misses the Net.
1:17 of 1st period - Shot by Evander Kane.
1:17 of 1st period - Shot Blocked by Noah Hanifin.
1:46 of 1st period - Icing by Noah Hanifin.
1:47 of 1st period - Mikael Granlund wins face-off versus Jayce Hawryluk in VEGAS zone.
1:57 of 1st period - Icing by Colin Wilson.
1:58 of 1st period - Andrew Copp wins face-off versus Jayce Hawryluk in VEGAS zone.
2:22 of 1st period - Shot by Derek Stepan.
2:22 of 1st period - Shot Blocked by Devon Toews.
2:38 of 1st period - Shot by Sam Reinhart.
2:38 of 1st period - Shot Misses the Net.
2:43 of 1st period - Icing by Brad Hunt.
2:44 of 1st period - Jonathan Marchessault wins face-off versus Andrew Copp in NEW JERSEY zone.
3:03 of 1st period - Shot by Josh Anderson.
3:03 of 1st period - Stopped by Matt Murray with a rebound.
3:11 of 1st period - Shot by Jonathan Marchessault.
3:11 of 1st period - Goal by Jonathan Marchessault - VEGAS : 1 - NEW JERSEY : 0.
3:12 of 1st period - Cody Glass wins face-off versus Alex DeBrincat in neutral zone.
3:38 of 1st period - Icing by Dougie Hamilton.
3:39 of 1st period - Anthony Duclair wins face-off versus Sam Reinhart in NEW JERSEY zone.
3:39 of 1st period - Mikael Granlund is hit by Vladimir Tarasenko and loses puck.
3:53 of 1st period - Icing by Dougie Hamilton.
3:54 of 1st period - Anthony Duclair wins face-off versus Josh Anderson in NEW JERSEY zone.
4:01 of 1st period - Josh Anderson is hit by Anthony Duclair and loses puck.
4:22 of 1st period - Shot by Ondrej Kase.
4:22 of 1st period - Shot Blocked by Dmitry Orlov.
5:59 of 1st period - Nikita Zadorov is hit by Evander Kane and loses puck.
6:08 of 1st period - Jake Guentzel is hit by Cody Glass and loses puck.
6:23 of 1st period - Shot by Colin Wilson.
6:23 of 1st period - Stopped by Matt Murray without a rebound.
6:24 of 1st period - Jonathan Marchessault wins face-off versus Victor Rask in NEW JERSEY zone.
6:59 of 1st period - Zach Aston-Reese is hit by Josh Anderson.
7:05 of 1st period - Jonathan Marchessault is hit by Zach Aston-Reese and loses puck.
7:44 of 1st period - Shot by Vladimir Tarasenko.
7:44 of 1st period - Shot Blocked by Brad Hunt.
7:46 of 1st period - Shot by Jake Muzzin.
7:46 of 1st period - Shot Misses the Net.
7:48 of 1st period - Shot by Jake Muzzin.
7:48 of 1st period - Shot Blocked by Samuel Girard.
7:50 of 1st period - Shot by Jake Muzzin.
7:50 of 1st period - Shot Blocked by Alex DeBrincat.
7:52 of 1st period - Shot by Oliver Bjorkstrand.
7:52 of 1st period - Shot Misses the Net.
7:59 of 1st period - Minor Penalty to Samuel Girard for Holding.
8:00 of 1st period - Andrew Copp wins face-off versus Sam Reinhart in NEW JERSEY zone.
8:00 of 1st period - Andrew Copp is hit by Sam Reinhart.
8:46 of 1st period - Shot by Jake Muzzin.
8:46 of 1st period - Stopped by Matt Murray with a rebound.
8:48 of 1st period - Shot by Jake Muzzin.
8:48 of 1st period - Stopped by Matt Murray without a rebound.
8:49 of 1st period - Jonathan Marchessault wins face-off versus Sean Couturier in NEW JERSEY zone.
9:12 of 1st period - Shot by Jonathan Marchessault.
9:12 of 1st period - Shot Misses the Net.
9:14 of 1st period - Shot by Noah Hanifin.
9:14 of 1st period - Stopped by Matt Murray without a rebound.
9:15 of 1st period - Sean Couturier wins face-off versus Sam Reinhart in NEW JERSEY zone.
9:27 of 1st period - Icing by Nikita Zadorov.
9:28 of 1st period - Sean Couturier wins face-off versus Sam Reinhart in VEGAS zone.
10:17 of 1st period - Shot by Max Comtois.
10:17 of 1st period - Stopped by Matt Murray without a rebound.
10:18 of 1st period - Jayce Hawryluk wins face-off versus Victor Rask in NEW JERSEY zone.
11:17 of 1st period - Off-side.
11:18 of 1st period - Ondrej Kase wins face-off versus Andrew Copp in neutral zone.
11:22 of 1st period - Jonathan Marchessault is hit by Jack Johnson.
11:24 of 1st period - Shot by Josh Anderson.
11:24 of 1st period - Stopped by Matt Murray without a rebound.
11:25 of 1st period - Sam Reinhart wins face-off versus Andrew Copp in NEW JERSEY zone.
11:37 of 1st period - Oliver Bjorkstrand is hit by Jeff Petry and loses puck.
11:40 of 1st period - Shot by Oliver Bjorkstrand.
11:40 of 1st period - Stopped by Matt Murray without a rebound.
11:41 of 1st period - Morgan Frost wins face-off versus Evander Kane in NEW JERSEY zone.
11:42 of 1st period - Shot by Max Comtois.
11:42 of 1st period - Stopped by Matt Murray without a rebound.
11:43 of 1st period - Sean Couturier wins face-off versus Sam Reinhart in NEW JERSEY zone.
11:55 of 1st period - Minor Penalty to Jeff Petry for Hooking.
11:56 of 1st period - Jonathan Marchessault wins face-off versus Derek Stepan in NEW JERSEY zone.
12:00 of 1st period - Ondrej Kase is hit by Dougie Hamilton and loses puck.
12:03 of 1st period - Shot by Noah Hanifin.
12:03 of 1st period - Shot Blocked by Dougie Hamilton.
12:05 of 1st period - Shot by Ondrej Kase.
12:05 of 1st period - Shot Misses the Net.
12:07 of 1st period - Shot by Noah Hanifin.
12:07 of 1st period - Stopped by Matt Murray without a rebound.
12:08 of 1st period - Sean Couturier wins face-off versus Oliver Bjorkstrand in NEW JERSEY zone.
12:34 of 1st period - Icing by Vladimir Tarasenko.
12:35 of 1st period - Sam Reinhart wins face-off versus Andrew Copp in VEGAS zone.
13:42 of 1st period - Ondrej Kase is hit by Dougie Hamilton and loses puck.
14:10 of 1st period - Minor Penalty to Mikael Granlund for Roughing.
14:10 of 1st period - Minor Penalty to Cody Glass for High sticking.
14:11 of 1st period - Sean Couturier wins face-off versus Vladimir Tarasenko in neutral zone.
14:42 of 1st period - Shot by Vladimir Tarasenko.
14:42 of 1st period - Deflect By Sam Reinhart.
14:42 of 1st period - Shot Misses the Net.
14:44 of 1st period - Shot by Vladimir Tarasenko.
14:44 of 1st period - Shot Misses the Net.
16:07 of 1st period - Shot by Sean Couturier.
16:07 of 1st period - Stopped by Tristan Jarry without a rebound.
16:08 of 1st period - Sean Couturier wins face-off versus Max Comtois in VEGAS zone.
16:23 of 1st period - Shot by Zach Aston-Reese.
16:23 of 1st period - Stopped by Tristan Jarry without a rebound.
16:24 of 1st period - Andrew Copp wins face-off versus Jayce Hawryluk in VEGAS zone.
16:25 of 1st period - Shot by Dylan Strome.
16:25 of 1st period - Shot Blocked by Slater Koekkoek.
16:50 of 1st period - Minor Penalty to Jayce Hawryluk for Tripping.
16:51 of 1st period - Sean Couturier wins face-off versus Sam Reinhart in VEGAS zone.
16:51 of 1st period - Jake Guentzel is hit by Nikita Zadorov and loses puck.
18:13 of 1st period - Shot by Anthony Duclair.
18:13 of 1st period - Shot Blocked by Devon Toews.
18:15 of 1st period - Shot by Jeff Petry.
18:15 of 1st period - Shot Misses the Net.
18:47 of 1st period - Shot by Dougie Hamilton.
18:47 of 1st period - Shot Blocked by Jake Muzzin.
18:57 of 1st period - Shot by Dylan Strome.
18:57 of 1st period - Shot Hit the Post.
19:18 of 1st period - Braydon Coburn is hit by Derek Stepan and loses puck.
19:33 of 1st period - Morgan Frost is hit by Zach Aston-Reese and loses puck.
19:51 of 1st period - Shot by Danton Heinen.
19:51 of 1st period - Deflect By Victor Rask.
19:51 of 1st period - Shot Misses the Net.
19:53 of 1st period - Shot by Victor Rask.
19:53 of 1st period - Stopped by Tristan Jarry without a rebound.
19:54 of 1st period - Mikael Granlund wins face-off versus Jayce Hawryluk in VEGAS zone.
19:56 of 1st period - Alex DeBrincat is hit by Jake Muzzin and loses puck.
Goals for this period are 1 for VEGAS vs 0 for NEW JERSEY.
Shots for this period are 15 for VEGAS vs 4 for NEW JERSEY.

2nd period


0:01 of 2nd period - Sean Couturier wins face-off versus Sam Reinhart in neutral zone.
0:07 of 2nd period - Icing by Noah Hanifin.
0:08 of 2nd period - Sean Couturier wins face-off versus Sam Reinhart in VEGAS zone.
0:26 of 2nd period - Shot by Oliver Bjorkstrand.
0:26 of 2nd period - Shot Misses the Net.
0:28 of 2nd period - Shot by Noah Hanifin.
0:28 of 2nd period - Stopped by Matt Murray without a rebound.
0:29 of 2nd period - Jonathan Marchessault wins face-off versus Mikael Granlund in NEW JERSEY zone.
0:45 of 2nd period - Icing by Dmitry Orlov.
0:46 of 2nd period - Mikael Granlund wins face-off versus Sam Reinhart in NEW JERSEY zone.
0:51 of 2nd period - Shot by Vladimir Tarasenko.
0:51 of 2nd period - Shot Misses the Net.
0:58 of 2nd period - Alex DeBrincat is hit by Jake Muzzin and loses puck.
1:05 of 2nd period - Shot by Anthony Duclair.
1:05 of 2nd period - Stopped by Tristan Jarry without a rebound.
1:06 of 2nd period - Sean Couturier wins face-off versus Ondrej Kase in VEGAS zone.
1:19 of 2nd period - Jeff Petry is hit by Josh Anderson and loses puck.
1:30 of 2nd period - Shot by Sean Couturier.
1:30 of 2nd period - Stopped by Tristan Jarry without a rebound.
1:31 of 2nd period - Sam Reinhart wins face-off versus Andrew Copp in VEGAS zone.
1:41 of 2nd period - Jake Muzzin is hit by Derek Stepan.
2:10 of 2nd period - Shot by Sam Reinhart.
2:10 of 2nd period - Stopped by Matt Murray without a rebound.
2:11 of 2nd period - Sean Couturier wins face-off versus Josh Anderson in NEW JERSEY zone.
2:20 of 2nd period - Icing by Jeff Petry.
2:21 of 2nd period - Cody Glass wins face-off versus Evander Kane in NEW JERSEY zone.
2:40 of 2nd period - Shot by Evander Kane.
2:40 of 2nd period - Stopped by Tristan Jarry without a rebound.
2:41 of 2nd period - Mikael Granlund wins face-off versus Jonathan Marchessault in VEGAS zone.
2:41 of 2nd period - Minor Penalty to Jake Muzzin for Hooking.
2:42 of 2nd period - Sean Couturier wins face-off versus Sam Reinhart in VEGAS zone.
2:53 of 2nd period - Shot by Evander Kane.
2:53 of 2nd period - Shot Misses the Net.
3:07 of 2nd period - Shot by Jake Guentzel.
3:07 of 2nd period - Goal by Jake Guentzel - VEGAS : 1 - NEW JERSEY : 1.
3:08 of 2nd period - Mikael Granlund wins face-off versus Cody Glass in neutral zone.
3:23 of 2nd period - Shot by Alex DeBrincat.
3:23 of 2nd period - Goal by Alex DeBrincat - VEGAS : 1 - NEW JERSEY : 2.
3:24 of 2nd period - Andrew Copp wins face-off versus Sam Reinhart in neutral zone.
3:49 of 2nd period - Shot by Sam Reinhart.
3:49 of 2nd period - Stopped by Matt Murray without a rebound.
3:50 of 2nd period - Sean Couturier wins face-off versus Jonathan Marchessault in NEW JERSEY zone.
4:07 of 2nd period - Shot by Jake Guentzel.
4:07 of 2nd period - Shot Blocked by Noah Hanifin.
4:09 of 2nd period - Shot by Dmitry Orlov.
4:09 of 2nd period - Stopped by Tristan Jarry with a rebound.
4:11 of 2nd period - Shot by Jack Johnson.
4:11 of 2nd period - Stopped by Tristan Jarry without a rebound.
4:12 of 2nd period - Sam Reinhart wins face-off versus Mikael Granlund in VEGAS zone.
4:12 of 2nd period - Sam Reinhart is hit by Alex DeBrincat.
4:31 of 2nd period - Dougie Hamilton is hit by Nikita Zadorov.
4:44 of 2nd period - Oliver Bjorkstrand is hit by Mikael Granlund and loses puck.
4:52 of 2nd period - Minor Penalty to Jeff Petry for Goalie Interference.
4:53 of 2nd period - Jonathan Marchessault wins face-off versus Sean Couturier in NEW JERSEY zone.
5:55 of 2nd period - Ondrej Kase is hit by Dougie Hamilton and loses puck.
6:29 of 2nd period - Shot by Vladimir Tarasenko.
6:29 of 2nd period - Shot Blocked by Dmitry Orlov.
6:31 of 2nd period - Shot by Vladimir Tarasenko.
6:31 of 2nd period - Deflect By Sam Reinhart.
6:31 of 2nd period - Shot Misses the Net.
6:33 of 2nd period - Shot by Devon Toews.
6:33 of 2nd period - Shot Misses the Net.
7:49 of 2nd period - Mikael Granlund is hit by Matt Luff and loses puck.
8:12 of 2nd period - Icing by Samuel Girard.
8:13 of 2nd period - Victor Rask wins face-off versus Sam Reinhart in NEW JERSEY zone.
8:30 of 2nd period - Shot by Victor Rask.
8:30 of 2nd period - Stopped by Tristan Jarry without a rebound.
8:31 of 2nd period - Sean Couturier wins face-off versus Jonathan Marchessault in VEGAS zone.
8:44 of 2nd period - Shot by Ondrej Kase.
8:44 of 2nd period - Stopped by Matt Murray without a rebound.
8:45 of 2nd period - Sam Reinhart wins face-off versus Andrew Copp in NEW JERSEY zone.
9:10 of 2nd period - Shot by Derek Stepan.
9:10 of 2nd period - Stopped by Tristan Jarry without a rebound.
9:10 of 2nd period - Minor Penalty to Jake Muzzin for Holding.
9:11 of 2nd period - Sean Couturier wins face-off versus Sam Reinhart in VEGAS zone.
9:46 of 2nd period - Shot by Sean Couturier.
9:46 of 2nd period - Stopped by Tristan Jarry without a rebound.
9:47 of 2nd period - Alex DeBrincat wins face-off versus Jonathan Marchessault in VEGAS zone.
9:48 of 2nd period - Shot by Samuel Girard.
9:48 of 2nd period - Stopped by Tristan Jarry without a rebound.
9:49 of 2nd period - Mikael Granlund wins face-off versus Sam Reinhart in VEGAS zone.
9:50 of 2nd period - Shot by Jeff Petry.
9:50 of 2nd period - Stopped by Tristan Jarry without a rebound.
9:51 of 2nd period - Alex DeBrincat wins face-off versus Sam Reinhart in VEGAS zone.
9:51 of 2nd period - Alex DeBrincat is hit by Noah Hanifin.
10:12 of 2nd period - Shot by Anthony Duclair.
10:12 of 2nd period - Stopped by Tristan Jarry without a rebound.
10:13 of 2nd period - Sean Couturier wins face-off versus Sam Reinhart in VEGAS zone.
10:28 of 2nd period - Shot by Evander Kane.
10:28 of 2nd period - Stopped by Tristan Jarry with a rebound.
10:36 of 2nd period - Shot by Jake Guentzel.
10:36 of 2nd period - Stopped by Tristan Jarry with a rebound.
10:38 of 2nd period - Shot by Sean Couturier.
10:38 of 2nd period - Deflect By Evander Kane.
10:38 of 2nd period - Stopped by Tristan Jarry without a rebound.
10:39 of 2nd period - Jonathan Marchessault wins face-off versus Mikael Granlund in VEGAS zone.
11:29 of 2nd period - Shot by Jayce Hawryluk.
11:29 of 2nd period - Stopped by Matt Murray without a rebound.
11:30 of 2nd period - Cody Glass wins face-off versus Sean Couturier in NEW JERSEY zone.
11:35 of 2nd period - Shot by Max Comtois.
11:35 of 2nd period - Shot Blocked by Jeff Petry.
11:37 of 2nd period - Shot by Cody Glass.
11:37 of 2nd period - Shot Misses the Net.
11:39 of 2nd period - Shot by Max Comtois.
11:39 of 2nd period - Shot Misses the Net.
11:41 of 2nd period - Shot by Morgan Frost.
11:41 of 2nd period - Stopped by Matt Murray without a rebound.
11:42 of 2nd period - Jayce Hawryluk wins face-off versus Andrew Copp in NEW JERSEY zone.
11:42 of 2nd period - Jayce Hawryluk is hit by Dmitry Orlov.
11:46 of 2nd period - Shot by Colin Wilson.
11:46 of 2nd period - Stopped by Matt Murray without a rebound.
11:47 of 2nd period - Sean Couturier wins face-off versus Sam Reinhart in NEW JERSEY zone.
11:52 of 2nd period - Shot by Jake Guentzel.
11:52 of 2nd period - Stopped by Tristan Jarry with a rebound.
11:54 of 2nd period - Shot by Jake Guentzel.
11:54 of 2nd period - Deflect By Sean Couturier.
11:54 of 2nd period - Stopped by Tristan Jarry without a rebound.
11:55 of 2nd period - Jonathan Marchessault wins face-off versus Sean Couturier in VEGAS zone.
12:18 of 2nd period - Shot by Jake Guentzel.
12:18 of 2nd period - Stopped by Tristan Jarry without a rebound.
12:19 of 2nd period - Sam Reinhart wins face-off versus Mikael Granlund in VEGAS zone.
12:28 of 2nd period - Shot by Devon Toews.
12:28 of 2nd period - Shot Misses the Net.
12:30 of 2nd period - Shot by Vladimir Tarasenko.
12:30 of 2nd period - Stopped by Matt Murray without a rebound.
12:31 of 2nd period - Sean Couturier wins face-off versus Cody Glass in NEW JERSEY zone.
12:44 of 2nd period - Shot by Jake Guentzel.
12:44 of 2nd period - Shot Misses the Net.
12:46 of 2nd period - Shot by Jake Guentzel.
12:46 of 2nd period - Stopped by Tristan Jarry without a rebound.
12:47 of 2nd period - Mikael Granlund wins face-off versus Jonathan Marchessault in VEGAS zone.
12:50 of 2nd period - Shot by Jack Johnson.
12:50 of 2nd period - Shot Misses the Net.
12:52 of 2nd period - Shot by Mikael Granlund.
12:52 of 2nd period - Shot Misses the Net.
12:56 of 2nd period - Shot by Anthony Duclair.
12:56 of 2nd period - Deflect By Mikael Granlund.
12:56 of 2nd period - Shot Misses the Net.
13:04 of 2nd period - Shot by Anthony Duclair.
13:04 of 2nd period - Stopped by Tristan Jarry without a rebound.
13:05 of 2nd period - Sam Reinhart wins face-off versus Sean Couturier in VEGAS zone.
13:29 of 2nd period - Off-side.
13:30 of 2nd period - Andrew Copp wins face-off versus Jonathan Marchessault in neutral zone.
14:55 of 2nd period - Shot by Oliver Bjorkstrand.
14:55 of 2nd period - Stopped by Matt Murray without a rebound.
14:56 of 2nd period - Sean Couturier wins face-off versus Cody Glass in NEW JERSEY zone.
15:22 of 2nd period - Shot by Cody Glass.
15:22 of 2nd period - Shot Misses the Net.
16:11 of 2nd period - Icing by Devon Toews.
16:12 of 2nd period - Victor Rask wins face-off versus Jonathan Marchessault in VEGAS zone.
16:33 of 2nd period - Icing by Brad Hunt.
16:34 of 2nd period - Sam Reinhart wins face-off versus Zach Aston-Reese in NEW JERSEY zone.
16:43 of 2nd period - Shot by Noah Hanifin.
16:43 of 2nd period - Stopped by Matt Murray without a rebound.
16:44 of 2nd period - Jayce Hawryluk wins face-off versus Sean Couturier in NEW JERSEY zone.
16:47 of 2nd period - Shot by Colin Wilson.
16:47 of 2nd period - Shot Misses the Net.
16:49 of 2nd period - Shot by Jake Muzzin.
16:49 of 2nd period - Stopped by Matt Murray without a rebound.
16:50 of 2nd period - Sean Couturier wins face-off versus Jonathan Marchessault in NEW JERSEY zone.
17:01 of 2nd period - Ondrej Kase is hit by Evander Kane and loses puck.
17:10 of 2nd period - Shot by Ondrej Kase.
17:10 of 2nd period - Stopped by Matt Murray without a rebound.
17:11 of 2nd period - Mikael Granlund wins face-off versus Sam Reinhart in NEW JERSEY zone.
17:42 of 2nd period - Shot by Sam Reinhart.
17:42 of 2nd period - Shot Blocked by Dmitry Orlov.
17:44 of 2nd period - Shot by Nikita Zadorov.
17:44 of 2nd period - Shot Misses the Net.
18:45 of 2nd period - Shot by Evander Kane.
18:45 of 2nd period - Goal by Evander Kane - VEGAS : 1 - NEW JERSEY : 3.
18:46 of 2nd period - Max Comtois wins face-off versus Dylan Strome in neutral zone.
19:02 of 2nd period - Shot by Cody Glass.
19:02 of 2nd period - Shot Misses the Net.
19:04 of 2nd period - Shot by Braydon Coburn.
19:04 of 2nd period - Shot Misses the Net.
Goals for this period are 0 for VEGAS vs 3 for NEW JERSEY.
Shots for this period are 12 for VEGAS vs 22 for NEW JERSEY.

3rd period


0:01 of 3rd period - Sam Reinhart wins face-off versus Sean Couturier in neutral zone.
0:05 of 3rd period - Minor Penalty to Jeff Petry for Tripping.
0:06 of 3rd period - Sam Reinhart wins face-off versus Sean Couturier in NEW JERSEY zone.
0:11 of 3rd period - Shot by Jake Muzzin.
0:11 of 3rd period - Shot Misses the Net.
0:30 of 3rd period - Jack Johnson is hit by Oliver Bjorkstrand and loses puck.
0:49 of 3rd period - Shot by Derek Stepan.
0:49 of 3rd period - Stopped by Tristan Jarry without a rebound.
0:50 of 3rd period - Andrew Copp wins face-off versus Josh Anderson in VEGAS zone.
1:28 of 3rd period - Shot by Devon Toews.
1:28 of 3rd period - Stopped by Matt Murray with a rebound.
2:19 of 3rd period - Shot by Anthony Duclair.
2:19 of 3rd period - Shot Misses the Net.
2:21 of 3rd period - Shot by Anthony Duclair.
2:21 of 3rd period - Shot Misses the Net.
2:23 of 3rd period - Shot by Alex DeBrincat.
2:23 of 3rd period - Shot Blocked by Slater Koekkoek.
2:25 of 3rd period - Shot by Jack Johnson.
2:25 of 3rd period - Stopped by Tristan Jarry with a rebound.
2:27 of 3rd period - Shot by Mikael Granlund.
2:27 of 3rd period - Shot Misses the Net.
2:37 of 3rd period - Slater Koekkoek is hit by Alex DeBrincat.
2:48 of 3rd period - Icing by Dmitry Orlov.
2:49 of 3rd period - Mikael Granlund wins face-off versus Jayce Hawryluk in NEW JERSEY zone.
3:10 of 3rd period - Shot by Jayce Hawryluk.
3:10 of 3rd period - Stopped by Matt Murray without a rebound.
3:11 of 3rd period - Sam Reinhart wins face-off versus Victor Rask in NEW JERSEY zone.
3:20 of 3rd period - Shot by Vladimir Tarasenko.
3:20 of 3rd period - Stopped by Matt Murray without a rebound.
3:21 of 3rd period - Jonathan Marchessault wins face-off versus Jake Guentzel in NEW JERSEY zone.
3:36 of 3rd period - Shot by Jake Guentzel.
3:36 of 3rd period - Shot Blocked by Nikita Zadorov.
3:59 of 3rd period - Jake Guentzel is hit by Nikita Zadorov and loses puck.
5:17 of 3rd period - Icing by Slater Koekkoek.
5:18 of 3rd period - Mikael Granlund wins face-off versus Cody Glass in VEGAS zone.
5:46 of 3rd period - Max Comtois is hit by Mikael Granlund and loses puck.
5:47 of 3rd period - Minor Penalty to Mikael Granlund for High sticking.
5:48 of 3rd period - Sean Couturier wins face-off versus Jonathan Marchessault in NEW JERSEY zone.
5:54 of 3rd period - Icing by Ondrej Kase.
5:55 of 3rd period - Sean Couturier wins face-off versus Jonathan Marchessault in VEGAS zone.
6:54 of 3rd period - Icing by Vladimir Tarasenko.
6:55 of 3rd period - Sean Couturier wins face-off versus Oliver Bjorkstrand in VEGAS zone.
7:29 of 3rd period - Shot by Jake Muzzin.
7:29 of 3rd period - Shot Misses the Net.
7:33 of 3rd period - Shot by Noah Hanifin.
7:33 of 3rd period - Stopped by Matt Murray without a rebound.
7:34 of 3rd period - Sean Couturier wins face-off versus Jonathan Marchessault in NEW JERSEY zone.
8:19 of 3rd period - Shot by Max Comtois.
8:19 of 3rd period - Shot Misses the Net.
8:44 of 3rd period - Off-side.
8:45 of 3rd period - Sam Reinhart wins face-off versus Sean Couturier in neutral zone.
8:57 of 3rd period - Minor Penalty to Oliver Bjorkstrand for Tripping.
8:58 of 3rd period - Sean Couturier wins face-off versus Sam Reinhart in VEGAS zone.
9:15 of 3rd period - Shot by Evander Kane.
9:15 of 3rd period - Shot Blocked by Noah Hanifin.
9:47 of 3rd period - Shot by Jeff Petry.
9:47 of 3rd period - Deflect By Anthony Duclair.
9:47 of 3rd period - Shot Misses the Net.
10:05 of 3rd period - Shot by Jeff Petry.
10:05 of 3rd period - Shot Misses the Net.
10:07 of 3rd period - Shot by Samuel Girard.
10:07 of 3rd period - Shot Blocked by Jake Muzzin.
10:11 of 3rd period - Shot by Alex DeBrincat.
10:11 of 3rd period - Stopped by Tristan Jarry without a rebound.
10:12 of 3rd period - Jonathan Marchessault wins face-off versus Mikael Granlund in VEGAS zone.
10:12 of 3rd period - Jonathan Marchessault is hit by Mikael Granlund.
10:22 of 3rd period - Jonathan Marchessault is hit by Anthony Duclair and loses puck.
10:29 of 3rd period - Shot by Alex DeBrincat.
10:29 of 3rd period - Shot Misses the Net.
10:31 of 3rd period - Shot by Mikael Granlund.
10:31 of 3rd period - Shot Blocked by Devon Toews.
10:33 of 3rd period - Shot by Anthony Duclair.
10:33 of 3rd period - Shot Misses the Net.
10:35 of 3rd period - Shot by Jeff Petry.
10:35 of 3rd period - Stopped by Tristan Jarry without a rebound.
10:36 of 3rd period - Jonathan Marchessault wins face-off versus Sean Couturier in VEGAS zone.
10:49 of 3rd period - Shot by Jake Guentzel.
10:49 of 3rd period - Stopped by Tristan Jarry without a rebound.
10:50 of 3rd period - Sean Couturier wins face-off versus Josh Anderson in VEGAS zone.
11:04 of 3rd period - Shot by Andrew Copp.
11:04 of 3rd period - Deflect By Dylan Strome.
11:04 of 3rd period - Stopped by Tristan Jarry without a rebound.
11:05 of 3rd period - Andrew Copp wins face-off versus Jayce Hawryluk in VEGAS zone.
11:14 of 3rd period - Shot by Colin Wilson.
11:14 of 3rd period - Deflect By Matt Luff.
11:14 of 3rd period - Shot Misses the Net.
11:16 of 3rd period - Shot by Jayce Hawryluk.
11:16 of 3rd period - Stopped by Matt Murray with a rebound.
11:19 of 3rd period - Colin Wilson is hit by Jeff Petry and loses puck.
11:27 of 3rd period - Colin Wilson is hit by Jeff Petry and loses puck.
11:32 of 3rd period - Shot by Jayce Hawryluk.
11:32 of 3rd period - Shot Misses the Net.
11:34 of 3rd period - Shot by Slater Koekkoek.
11:34 of 3rd period - Shot Blocked by Jeff Petry.
11:36 of 3rd period - Shot by Slater Koekkoek.
11:36 of 3rd period - Shot Hit the Post.
11:38 of 3rd period - Shot by Slater Koekkoek.
11:38 of 3rd period - Shot Misses the Net.
11:40 of 3rd period - Shot by Slater Koekkoek.
11:40 of 3rd period - Goal by Slater Koekkoek - VEGAS : 2 - NEW JERSEY : 3.
11:41 of 3rd period - Sean Couturier wins face-off versus Cody Glass in neutral zone.
11:45 of 3rd period - Sean Couturier is hit by Jake Muzzin.
12:41 of 3rd period - Shot by Oliver Bjorkstrand.
12:41 of 3rd period - Shot Misses the Net.
12:43 of 3rd period - Shot by Nikita Zadorov.
12:43 of 3rd period - Shot Misses the Net.
12:51 of 3rd period - Shot by Vladimir Tarasenko.
12:51 of 3rd period - Deflect By Oliver Bjorkstrand.
12:51 of 3rd period - Shot Hit the Post.
12:53 of 3rd period - Shot by Nikita Zadorov.
12:53 of 3rd period - Shot Misses the Net.
12:55 of 3rd period - Shot by Vladimir Tarasenko.
12:55 of 3rd period - Shot Blocked by Brad Hunt.
13:03 of 3rd period - Shot by Vladimir Tarasenko.
13:03 of 3rd period - Stopped by Matt Murray without a rebound.
13:04 of 3rd period - Dylan Strome wins face-off versus Jonathan Marchessault in NEW JERSEY zone.
13:25 of 3rd period - Shot by Derek Stepan.
13:25 of 3rd period - Shot Misses the Net.
13:38 of 3rd period - Shot by Dylan Strome.
13:38 of 3rd period - Stopped by Tristan Jarry without a rebound.
13:39 of 3rd period - Cody Glass wins face-off versus Mikael Granlund in VEGAS zone.
13:54 of 3rd period - Shot by Mikael Granlund.
13:54 of 3rd period - Stopped by Tristan Jarry without a rebound.
13:55 of 3rd period - Sean Couturier wins face-off versus Sam Reinhart in VEGAS zone.
14:04 of 3rd period - Shot by Sean Couturier.
14:04 of 3rd period - Shot Misses the Net.
14:07 of 3rd period - Icing by Nikita Zadorov.
14:08 of 3rd period - Mikael Granlund wins face-off versus Sam Reinhart in VEGAS zone.
14:55 of 3rd period - Jonathan Marchessault is hit by Alex DeBrincat and loses puck.
15:04 of 3rd period - Shot by Noah Hanifin.
15:04 of 3rd period - Shot Blocked by Mikael Granlund.
15:10 of 3rd period - Shot by Jonathan Marchessault.
15:10 of 3rd period - Stopped by Matt Murray without a rebound.
15:11 of 3rd period - Cody Glass wins face-off versus Evander Kane in NEW JERSEY zone.
15:11 of 3rd period - Cody Glass is hit by Jack Johnson.
15:15 of 3rd period - Shot by Cody Glass.
15:15 of 3rd period - Stopped by Matt Murray with a rebound.
15:23 of 3rd period - Shot by Sean Couturier.
15:23 of 3rd period - Shot Hit the Post.
15:27 of 3rd period - Shot by Jake Guentzel.
15:27 of 3rd period - Shot Misses the Net.
15:29 of 3rd period - Shot by Sean Couturier.
15:29 of 3rd period - Shot Blocked by Slater Koekkoek.
15:47 of 3rd period - Shot by Evander Kane.
15:47 of 3rd period - Stopped by Tristan Jarry without a rebound.
15:48 of 3rd period - Andrew Copp wins face-off versus Jonathan Marchessault in VEGAS zone.
16:15 of 3rd period - Shot by Ondrej Kase.
16:15 of 3rd period - Stopped by Matt Murray with a rebound.
16:17 of 3rd period - Shot by Josh Anderson.
16:17 of 3rd period - Shot Misses the Net.
16:19 of 3rd period - Shot by Noah Hanifin.
16:19 of 3rd period - Stopped by Matt Murray with a rebound.
16:27 of 3rd period - Shot by Jonathan Marchessault.
16:27 of 3rd period - Shot Misses the Net.
17:56 of 3rd period - Shot by Evander Kane.
17:56 of 3rd period - Shot Misses the Net.
17:58 of 3rd period - Shot by Dmitry Orlov.
17:58 of 3rd period - Shot Misses the Net.
18:22 of 3rd period - Minor Penalty to Jonathan Marchessault for High sticking.
18:23 of 3rd period - Mikael Granlund wins face-off versus Sam Reinhart in VEGAS zone.
18:38 of 3rd period - Shot by Mikael Granlund.
18:38 of 3rd period - Shot Misses the Net.
18:46 of 3rd period - Shot by Mikael Granlund.
18:46 of 3rd period - Shot Blocked by Noah Hanifin.
19:00 of 3rd period - Shot by Anthony Duclair.
19:00 of 3rd period - Shot Blocked by Jake Muzzin.
19:34 of 3rd period - Shot by Dougie Hamilton.
19:34 of 3rd period - Stopped by Tristan Jarry without a rebound.
19:35 of 3rd period - Mikael Granlund wins face-off versus Max Comtois in VEGAS zone.
19:46 of 3rd period - Shot by Alex DeBrincat.
19:46 of 3rd period - Stopped by Tristan Jarry with a rebound.
19:48 of 3rd period - Shot by Jeff Petry.
19:48 of 3rd period - Goal by Jeff Petry - VEGAS : 2 - NEW JERSEY : 4.
19:49 of 3rd period - Jayce Hawryluk wins face-off versus Andrew Copp in neutral zone.
Goals for this period are 1 for VEGAS vs 1 for NEW JERSEY.
Shots for this period are 11 for VEGAS vs 12 for NEW JERSEY.